 Dungeon Crawl Stone Soup version 0.17.0-18-gaab0e96 (console) character file.

24 gw the Scratcher (level 2, -4/14 HPs)
             Began as a Felid Chaos Knight on Nov 12, 2015.
             Slain by an adder (5 damage)
             ... on level 2 of the Dungeon.
             The game lasted 00:01:19 (1738 turns).

gw the Scratcher (Felid Chaos Knight)               Turns: 1738, Time: 00:01:19

Health: -4/14      AC:  1    Str:  8    XL:     2   Next: 79%
Magic:  3/3        EV: 18    Int: 13    God:    Xom [*.....]
Gold:   56         SH:  0    Dex: 15    Spells: 0 memorised, 1 level left
                                        Lives:  0   Deaths: 0

rFire  . . .     SeeInvis +       - Unarmed
rCold  . . .     Clarity  .     (armour unavailable)
rNeg   . . .     SustAt   .     (shield unavailable)
rPois  .         Gourm    .     (helmet unavailable)
rElec  .         Spirit   .     (cloak unavailable)
rCorr  .         Warding  .     (gloves unavailable)
rMut   .         Stasis   .     (boots unavailable)
MR     .....                    (no amulet)
Stlth  ++........               (no ring)
                                (no ring)

@: lethally poisoned (-4 -> -10), quick, not resistant to hostile enchantments,
unstealthy
A: no armour, no weapons or thrown items, claws 1, fangs 3, see invisible,
carnivore 3, speed 1, high mp 1, shaggy fur 1, slow metabolism 1, spit poison 1,
sharp paws
a: Spit Poison, Renounce Religion


You were on level 2 of the Dungeon.
You worshipped Xom.
You were a special plaything of Xom.
You were completely stuffed.

You visited 1 branch of the dungeon, and saw 2 of its levels.

You collected 56 gold pieces.

Inventory:

Comestibles
 a - a meat ration


   Skills:
 + Level 3.2 Fighting
 + Level 3.4 Dodging
 * Level 3.7 Unarmed Combat


You had one spell level left.
You didn't know any spells.

Dungeon Overview and Level Annotations

Branches:
Dungeon (2/15)

Altars:


Innate Abilities, Weirdness & Mutations

You cannot wear armour.
You are incapable of wielding weapons or throwing items.
You have sharp claws.
You have razor-sharp teeth.
You have supernaturally acute eyesight.
You are carnivorous and can eat meat at any time.
You cover ground quickly.
You are covered in fur (AC +1).
You have a slow metabolism.
Your sharp claws are effective at attacking unaware monsters.
You have an increased reservoir of magic (+10% MP).
You can spit weak poison.


Message History

You feel sick.
Unknown command.
Unknown command.
Unknown command.
MOVING TO (2,-1) Unknown command.
Unknown command.
Unknown command.
MOVING TO (1,-1) Unknown command.
Unknown command.
Unknown command.
MOVING TO (7,-1)
You feel sick.
Unknown command.
Unknown command.
Unknown command.
MOVING TO (6,-1)
The adder bites you.
You die...

..#....##....................
.......##..................##
.....b........................ #.
#....##..................## #.
#...##...#................
####.###...##...#..............##
............#....................
......##........#..##.#.#####....
###............Sh..##.#.# ###..
...........).......##.#.# ..
...h.##%...####.#.###.#.# .. ....
#...## #.#.###+#... .## #)..#
#.#.%....... #...# #!#.........
##### #.#......... ..#.........
###.........


You could see an adder.

Table legend:
 A = Turns spent in this place as a percentage of turns spent in the entire game.
 B = Non-inter-level travel turns spent in this place as a percentage of non-inter-level travel turns spent in the entire game.
 C = Inter-level travel turns spent in this place as a percentage of turns spent in this place.
 D = Turns resting spent in this place as a percentage of non-inter-level travel turns spent in this place.
 E = Turns spent auto-exploring this place as a percentage of non-inter-level travel turns spent in this place.
 F = Non-inter-level travel turns spent in this place divided by the number of levels of this place that you've seen.
                   A       B       C       D       E      F
               +-------+-------+-------+-------+-------+----------------------
         Total | 100.0 | 100.0 |   0.6 |   1.0 |   2.3 | 997.5
       Dungeon | 100.0 | 100.0 |   0.6 |   1.0 |   2.3 | 997.5
               +-------+-------+-------+-------+-------+----------------------

Table legend:
 A = Kills in this place as a percentage of kills in entire the game.
 B = Kills by you in this place as a percentage of kills by you in the entire game.
 C = Kills by friends in this place as a percentage of kills by friends in the entire game.
 D = Other kills in this place as a percentage of other kills in the entire game.
 E = Experience gained in this place as a percentage of experience gained in the entire game.
 F = Experience gained in this place divided by the number of levels of this place that you have seen.
                   A       B       C       D       E      F
               +-------+-------+-------+-------+-------+----------------------
         Total | 100.0 | 100.0 | 100.0 |  -nan | 100.0 |  17.5
       Dungeon | 100.0 | 100.0 | 100.0 |  -nan | 100.0 |  17.5
               +-------+-------+-------+-------+-------+----------------------

Vanquished Creatures
  A giant gecko (D:2)
  A giant cockroach (D:1)
  3 goblins (D:1)
  4 hobgoblins
  2 bats (D:1)
  A giant newt (D:1)
  3 jackals
  A kobold (D:2)
  3 rats
19 creatures vanquished.

Vanquished Creatures (collateral kills)
  An ooze (D:1)
  A hobgoblin (D:1)
  A giant newt (D:1)
  A rat (D:1)
4 creatures vanquished.

Grand Total: 23 creatures vanquished

Notes
Turn   | Place    | Note
--------------------------------------------------------------
     0 | D:1      | gw the Felid Chaos Knight began the quest for the Orb.
     0 | D:1      | Reached XP level 1. HP: 10/10 MP: 2/2
   170 | D:1      | XOM: harmless Summ miscast
   372 | D:1      | XOM: divination: magic mapping
   402 | D:1      | XOM: noise
   405 | D:1      | XOM: blink monster(s)
   479 | D:1      | XOM: medium Trmt miscast
   636 | D:1      | XOM: summons 1 friendly demon
   668 | D:1      | Reached XP level 2. HP: 14/14 MP: 3/3
   687 | D:1      | XOM: god gift: long copper wand {god gift}
  1303 | D:1      | XOM: give mutations
  1303 | D:1      | Gained mutation: You can spit weak poison. [Xom's grace]
  1303 | D:1      | Gained mutation: You have an increased reservoir of magic (+10% MP). [Xom's grace]
  1523 | D:1      | XOM: harmless Chrm miscast
  1622 | D:2      | XOM is BORED!
  1622 | D:2      | XOM: confusion
  1679 | D:2      | XOM: confusion (+ monsters)
  1686 | D:2      | XOM: harmless Pois miscast
  1738 | D:2      | Slain by an adder

Action                   || total
-------------------------++-------
Melee: Unarmed           ||    57
 Abil: Spit Poison       ||     2
  Eat: Chunk             ||     9

Vault maps used:
D:1:      dpeg_arrival_circle_labyrinth_c, st_stairs_7
D:2:      lemuel_doored_altar
